 Dungeon Crawl Stone Soup version 0.32-a0-540-g866d13106e (webtiles) character file.

Game seed: 7732790772755239048

63 cforsyth the Grave Robber (level 3, -2/30 HPs)
             Began as a Mountain Dwarf Necromancer on Feb 29, 2024.
             Slain by a gnoll
             ... wielding a +1 vampiric spear
              (8 damage)
             ... on level 2 of the Dungeon.
             The game lasted 00:02:51 (1932 turns).

cforsyth the Grave Robber (MDNe)                    Turns: 1932, Time: 00:02:51

Health: -2/30      AC:  2    Str: 12    XL:     3   Next: 89%
Magic:  0/5        EV: 16    Int: 15    God:
Gold:   109        SH:  0    Dex: 10    Spells: 4/5 levels left

rFire   . . .        a - +0 short sword
rCold   . . .        (no shield)
rNeg    . . .        d - +0 robe
rPois   .            (no helmet)
rElec   .            (no cloak)
rCorr   .            (no gloves)
SInv    .            (no boots)
Will    .....        (no amulet)
Stlth   ++           E - +5 ring of evasion
HPRegen 0.25/turn    (no ring)
MPRegen 0.09/turn

%: no passive effects
@: no status effects
A: runic magic, artefact enchanting
a: no special abilities


You were on level 2 of the Dungeon.
You visited 1 branch of the dungeon, and saw 2 of its levels.

You collected 109 gold pieces.


Innate Abilities, Weirdness & Mutations

Your spellcasting is much less encumbered by armour.
You can use scrolls of enchantment on lesser artefacts.


   Skills:
 + Level 2.6 Fighting
 - Level 1.3 Dodging
 - Level 1.4 Stealth
 - Level 1.7 Spellcasting
 + Level 5.3 Necromancy


You had 4 spell levels left.
You knew the following spells:

 Your Spells              Type           Power      Damage    Failure   Level
X - Necrotise             Necr           68%        1d7       2%          1

Your spell library contained the following spells:

 Spells                   Type           Power      Damage    Failure   Level
 Vampiric Draining        Necr           17%        2d7       8%          3
 Summon Small Mammal      Summ           4%         N/A       22%         1
 Animate Dead             Necr           17%        N/A       26%         4
 Call Canine Familiar     Summ           1%         N/A       56%         3
 Tukima's Dance           Hex            1%         N/A       56%         3
 Passage of Golubria      Tloc           1%         N/A       92%         4
 Summon Blazeheart Golem  Fire/Summ      1%         N/A       92%         4
 Curse of Agony           Necr           17%        N/A       56%         5
 Yara's Violent Unravell  Hex/Alch       0%         3d3       99%         5

Inventory:

Hand Weapons
 a - a +0 short sword (weapon)
Armour
 d - a +0 robe (worn)
Jewellery
 E - a +5 ring of evasion (left hand)
Scrolls
 c - a scroll of vulnerability {unknown}
 e - a scroll of noise {unknown}
 j - a scroll of immolation {unknown}
 k - a scroll of enchant armour {unknown}
Potions
 b - a potion of magic
 f - 2 potions of heal wounds {unknown}
 g - a potion of brilliance {unknown}
 l - a potion of haste {unknown}

Dungeon Overview and Level Annotations

Branches:
Dungeon (2/15)

Altars:

Shops:
D:1

(
.Z.▒.▒......###.#.#####.####
# ▒▒.▒.▒......# #...#####.#
.Z.▒.▒......###.#.......#
.▒▒▒.▒..........#.#######
.'..)▒.....#.####.#
▒▒▒▒▒▒.....#.# ##.#
#.##.......# #..#
##.######.### #g## #...#
#.....# #@# #...# #.....#
#.# ##...# #.....# #.###
...### #.....# #...# .###
#.....# ###.# .# ####### #.#
.# #.# .# ######## #.# .#
#......######.#


You could see a gnoll.


Message History

Casting: Necrotise (safe; 2% risk of failure)
Confirm with . or Enter, or press ? or * to list all spells.
Aiming: Necrotise (safe; 2% risk of failure)
Press: ? - help, Shift-Dir - straight line, f/p - gnoll
Aim: a gnoll, wielding a +1 vampiric spear (severely wounded, chance to affect: 81%)
The gnoll writhes in agony.
The gnoll closely misses you.
Unknown command.
Casting: Necrotise (safe; 2% risk of failure)
Confirm with . or Enter, or press ? or * to list all spells.
Okay, then.
Unknown command.
You hit the gnoll but do no damage.
The gnoll is severely wounded.
The gnoll hits you with a +1 vampiric spear!
* * * LOW HITPOINT WARNING * * *
You hit the gnoll.
The gnoll is almost dead.
The gnoll hits you with a +1 vampiric spear.
* * * LOW HITPOINT WARNING * * *
Unknown command.
Unknown command.
You closely miss the gnoll.
The gnoll is severely wounded.
The gnoll barely misses you.
Unknown command.
Unknown command.
You barely miss the gnoll.
The gnoll is severely wounded.
The gnoll hits you with a +1 vampiric spear!
You die...

Skill      XL: |  1  2 |
---------------+-------+-----
Fighting       | 1 2 |  2.6
Necromancy     | 5 |  5.3
Dodging        | |  1.3
Stealth        | |  1.4
Spellcasting   | |  1.7

Action                     || total
---------------------------++-------
  Melee: Unarmed           ||    13
         Short sword       ||    11
   Cast: Necrotise         ||    66
    Use: Scroll            ||     2
 Armour: Robe              ||    27
  Dodge: Dodged            ||    27

Levels and vault maps discovered:
D:1:      spicycebolla_arrival_ecumenical, layout_loops_ring, serial_shops,
          nicolae_shop_trees, minmay_stone_trees_medium, hangedman_decor_points
D:2:      minmay_chambers_of_ones, layout_loops_cross

Notes
Turn   | Place    | Note
-------+----------+-------------------------------------------
     0 | D:1      | cforsyth the Mountain Dwarf Necromancer began the quest for
                  | the Orb.
     0 | D:1      | Reached XP level 1. HP: 14/14 MP: 3/3
   371 | D:1      | Reached skill level 1 in Fighting
   534 | D:1      | Reached XP level 2. HP: 23/23 MP: 1/4
   697 | D:1      | Found Eniuj's Weapon Shoppe.
  1278 | D:2      | Reached skill level 2 in Fighting
  1278 | D:2      | Reached skill level 5 in Necromancy
  1278 | D:2      | Reached XP level 3. HP: 29/29 MP: 2/5
  1932 | D:2      | Slain by a gnoll

Vanquished Creatures
  A gnoll (D:2)
  2 adders (D:2)
  A dart slug (D:2)
  An endoplasm (D:2)
  A giant cockroach (D:1)
  5 goblins (D:2)
  7 hobgoblins
  2 kobolds
  A quokka (D:2)
  3 ball pythons
  4 bats
  2 frilled lizards
  A rat (D:2)
31 creatures vanquished.

Table legend: (Time is in decaauts)
 A = Elapsed time spent in this place.
 B = Non-inter-level travel time spent in this place.
 C = Inter-level travel time spent in this place.
 D = Time resting spent in this place.
 E = Time spent auto-exploring this place.
 F = Levels seen in this place.
 G = Mean time per level.
                   A        B        C        D        E       F      G
               +--------+--------+--------+--------+--------+-----+--------+
         Total |   1931 |   1897 |     34 |    103 |   1508 |   2 |  965.5 |
       Dungeon |   1931 |   1897 |     34 |    103 |   1508 |   2 |  965.5 |
               +--------+--------+--------+--------+--------+-----+--------+

Top non-repeatable levels by time:
     D:2: 1072 daAuts
     D:1: 859 daAuts

Table legend:
 A = Non-vault XP
 B = Vault XP
 C = Vault XP percentage of total XP
 D = Non-vault monster count
 E = Vault monster count
 F = Vault count percentage of total count
                 A         B        C        D         E       F
            +---------+---------+-------+---------+---------+-------
      Total |      72 |      19 |  20.9 |      26 |       5 |  16.1
            +---------+---------+-------+---------+---------+-------
        D:1 |      15 |       0 |   0.0 |       9 |       0 |   0.0
        D:2 |      57 |      19 |  25.0 |      17 |       5 |  22.7
            +---------+---------+-------+---------+---------+-------
